Map: Prion Terraces

Players

llllllllllll - Winner!

  • Race: Zerg Zerg
  • League: Grandmaster

Miszu

  • Race: Terran Terran
  • League: Master

VOD

Have the link to the VOD?

Description

Time

  • Played on: March 21, 2016, 6:18 p.m.
  • Length: 19:44
Show
View Real Time Build Order
Export as new Build Order

llllllllllll Zerg - Winner!

Build Orders: Hatch First 

Get SALT Encoding   

  12  0:01  Drone  
  13  0:12  Overlord  
  13  0:18  Drone  
  14  0:30  Drone x2  
  16  0:37  Drone  
  17  0:52  Hatchery  
  17  0:55  Drone  
  17  1:06  Drone  
  17  1:09  Extractor  
  17  1:16  Drone  
  17  1:17  Spawning Pool  
  17  1:30  Overlord  
  17  1:31  Drone  
  18  1:39  Drone  
  19  2:04  Zergling x2  
  19  2:05  Zergling x4, Queen x2  
  26  2:17  Drone x2  
  26  2:21  Drone  
  29  2:25  Drone  
  30  2:41  Queen  
  30  2:42  Drone x2  
  34  2:47  Lair  
  34  2:48  Overlord  
  34  2:49  Drone  
  35  2:57  Drone  
  35  2:59  Overlord  
  35  3:06  Drone  
  35  3:08  Drone  
  37  3:14  Drone  
  37  3:16  Drone x4  
  37  3:17  Drone  
  43  3:21  Queen  
  43  3:23  Drone x2  
  43  3:25  Extractor x2  
  43  3:26  Extractor  
  44  3:28  Drone  
  44  3:32  Overlord  
  45  3:39  Drone  
  46  3:42  Drone  
  46  3:43  Roach Warren  
  46  3:51  Spire  
  46  3:55  Drone x2  
  46  3:56  Drone x2  
  46  4:02  Overlord  
  49  4:04  Evolution Chamber  
  49  4:06  Drone  
  49  4:12  Overlord x2  
  49  4:24  Drone x2  
  49  4:29  Hatchery  
  50  4:33  Overlord  
  50  5:02  Mutalisk x7  
  50  5:03  Mutalisk  
  66  5:09  Roach x2  
  70  5:16  Overlord  
  70  5:17  Glial Reconstitution  
  70  5:19  Drone x2  
  70  5:20  Drone  
  73  5:24  Drone  
  73  5:26  Drone  
  73  5:27  Drone x5  
  80  5:29  Zerg Missile Weapons Level 1  
  81  5:35  Roach  
  81  5:40  Roach  
  83  5:43  Roach  
  85  5:51  Roach x2  
  85  5:53  Overlord  
  89  6:02  Roach x5  
  89  6:03  Roach x3  
  105  6:08  Roach  
  96  6:21  Roach x4  
  104  6:30  Drone  
  105  6:37  Roach  
  107  6:40  Overlord  
  107  6:45  Overlord x2, Hatchery  
  107  6:46  Overseer  
  106  6:51  Hatchery  
  105  6:55  Roach  
  105  6:59  Ravager x2  
  105  7:00  Ravager x2  
  113  7:01  Roach  
  113  7:05  Roach  
  113  7:07  Roach  
  117  7:18  Roach x6  
  129  7:22  Evolution Chamber  
  129  7:24  Zerg Missile Weapons Level 2  
  129  7:26  Roach x2  
  132  7:30  Overlord x2  
  132  7:42  Overlord  
  132  7:46  Overlord x2  
  132  7:49  Zerg Ground Armor Level 1  
  132  7:50  Drone  
  132  7:51  Drone x5  
  138  7:58  Overlord x2  
  138  8:04  Zergling x2  
  138  8:05  Zergling x2  
  140  8:07  Roach  
  140  8:12  Roach  
  144  8:14  Ravager x4  
  144  8:16  Roach x2  
  144  8:18  Drone x6  
  144  8:19  Extractor  
  157  8:21  Roach  
  157  8:22  Extractor, Roach  
  150  8:39  Roach x4  
  150  8:40  Roach x4  
  144  8:41  Roach  
  148  8:48  Roach x3  
  148  8:50  Overlord  
  148  8:55  Extractor  
  151  8:56  Extractor, Roach x4  
  151  8:59  Drone x2  
  160  9:06  Ravager  
  160  9:07  Ravager  
  160  9:09  Ravager  
  163  9:11  Roach  
  165  9:22  Roach x3  
  165  9:23  Roach  
  173  9:25  Ravager x2  
  173  9:29  Roach x2  
  179  9:34  Roach x2  
  179  9:35  Roach  
  179  9:38  Hatchery  
  184  9:41  Roach x3  
  184  9:44  Ravager x2  
  192  9:48  Roach  
  192  9:49  Roach x3  
  200  10:06  Zerg Ground Armor Level 2  
  198  10:10  Infestation Pit  
  197  10:19  Drone x4  
  196  10:24  Ravager  
  187  10:33  Roach x2  
  187  10:34  Roach x13  
  162  10:40  Roach  
  162  10:41  Roach x2  
  147  10:47  Roach x4  
  153  10:53  Roach x3  
  152  11:00  Roach  
  152  11:01  Roach x3  
  149  11:07  Pathogen Glands  
  149  11:09  Ravager  
  148  11:24  Metabolic Boost  
  148  11:34  Zerg Melee Weapons Level 1  
  148  11:35  Infestor x3  
  148  11:36  Infestor  
  148  11:37  Infestor  
  148  11:39  Zergling x22  
  169  11:45  Infestor  
  171  11:47  Ravager  
  171  11:48  Zergling x10  
  171  11:54  Overlord  
  177  11:56  Hive  
  177  12:00  Zergling x6  
  178  12:17  Ravager x3  
  178  12:18  Drone x6  
  178  12:20  Infestor x2  
  191  12:30  Ravager x2  
  191  12:31  Ravager  
  191  12:36  Zergling x2  
  196  12:37  Zergling x8  
  192  12:49  Roach x12  
  174  12:55  Zergling x6  
  174  12:56  Zergling x4  
  157  13:00  Ravager x5  
  161  13:09  Zergling x16  
  159  13:13  Roach x2  
  159  13:14  Roach  
  159  13:18  Roach x2  
  165  13:23  Roach x2  
  165  13:24  Roach  
  154  13:35  Corruptor x2  
  158  13:42  Corruptor x2  
  162  13:51  Zerg Melee Weapons Level 2  
  162  13:53  Ultralisk Cavern  
  160  14:05  Zerg Ground Armor Level 3  
  160  14:12  Adrenal Glands  
  160  14:16  Extractor  
  157  14:17  Extractor, Zergling x22  
  167  14:32  Overlord  
  167  14:44  Chitinous Plating  
  173  14:45  Ultralisk  
  173  14:46  Ultralisk  
  173  14:49  Overlord  
  173  14:58  Zergling x4, Ultralisk  
  173  14:59  Zergling x6  
  156  15:05  Ultralisk  
  126  15:09  Zergling x6  
  129  15:21  Ultralisk  
  135  15:24  Ravager  
  135  15:25  Ravager  
  135  15:26  Zergling x2  
  138  15:31  Zergling x4  
  138  15:32  Zergling x2  
  141  15:41  Ultralisk  
  146  15:47  Ravager x3  
  146  15:51  Zergling x2  
  146  15:52  Zergling x10  
  153  15:57  Ravager x2  
  153  15:59  Zergling x2  
  153  16:00  Zergling x6  
  158  16:10  Greater Spire  
  153  16:31  Ultralisk  
  158  16:34  Viper  
  158  16:39  Extractor  
  160  16:41  Hatchery  
  160  16:42  Extractor  
  158  16:48  Corruptor x2  
  156  17:11  Corruptor x2  
  160  17:26  Overlord  
  160  17:48  Hatchery  
  159  18:00  Brood Lord  
  159  18:01  Brood Lord  
  161  18:06  Brood Lord  
  162  18:15  Drone x3  
  162  18:16  Drone x2  
  162  18:18  Brood Lord  
  169  18:26  Brood Lord  
  171  18:35  Brood Lord  
  171  18:36  Overseer  
  171  18:38  Overseer  
  174  18:41  Zergling x22  
  174  18:42  Zergling x12  
  174  18:45  Queen  
  192  18:52  Corruptor  
  194  18:58  Corruptor  
  194  18:59  Corruptor  
  194  19:02  Zergling x2  
  198  19:12  Zergling x2  
Show
View Real Time Build Order
Export as new Build Order

Miszu Terran 

Build Orders: Command Center First (CC), MMM Bio 

Get SALT Encoding   

  12  0:01  SCV  
  13  0:13  SCV  
  14  0:18  Supply Depot  
  14  0:25  SCV  
  15  0:39  SCV  
  16  0:52  SCV  
  17  0:59  Command Center  
  17  1:04  SCV  
  18  1:13  Barracks  
  18  1:16  SCV  
  19  1:32  Barracks  
  19  1:33  SCV  
  19  1:37  Refinery  
  20  1:43  Refinery  
  20  1:45  SCV  
  21  1:56  Barracks  
  21  2:00  Marine  
  22  2:03  SCV  
  23  2:13  Orbital Command  
  23  2:16  SCV  
  23  2:20  Marine  
  25  2:28  Barracks Tech Lab  
  26  2:31  Orbital Command  
  25  2:37  Marine  
  25  2:39  SCV  
  27  2:44  Marine  
  27  2:46  Marine  
  27  2:49  Stimpack  
  29  2:53  SCV  
  29  2:56  Marine  
  31  2:59  SCV  
  31  3:02  Marine  
  31  3:04  Marine  
  31  3:05  SCV  
  35  3:10  Supply Depot  
  35  3:11  SCV  
  36  3:14  Marine  
  36  3:17  Factory, SCV  
  38  3:31  Marine x2, SCV  
  38  3:32  Supply Depot, Marine, SCV  
  43  3:39  Refinery  
  43  3:43  SCV  
  43  3:44  SCV  
  45  3:49  Marine  
  45  3:53  Marine x2  
  45  3:55  Supply Depot, SCV  
  48  3:56  SCV  
  50  4:03  Factory Reactor  
  50  4:04  Starport  
  50  4:07  Marine  
  50  4:08  SCV x2  
  50  4:09  Engineering Bay  
  53  4:19  Marine x2  
  53  4:20  SCV x2  
  57  4:24  Marine  
  57  4:29  Supply Depot  
  58  4:32  SCV x2  
  58  4:37  Terran Infantry Weapons Level 1  
  60  4:44  SCV x2  
  60  4:45  Factory Tech Lab  
  62  4:46  Barracks Reactor  
  62  4:49  Barracks Reactor  
  62  4:51  Medivac x2  
  66  4:52  Supply Depot  
  66  4:56  Supply Depot, SCV x2  
  66  4:57  Refinery  
  68  5:01  Marauder  
  68  5:02  Combat Shields  
  68  5:04  Supply Depot  
  70  5:15  Command Center  
  70  5:25  Marine x2  
  70  5:26  Supply Depot, Marine  
  70  5:28  Marine, Marauder  
  76  5:34  Barracks x2  
  76  5:36  Siege Tank  
  76  5:40  Medivac  
  76  5:41  Medivac  
  83  5:43  Marine  
  84  5:52  Missile Turret  
  84  6:01  Marine, Missile Turret  
  84  6:02  Marauder  
  84  6:04  Marine x3  
  80  6:19  Marine  
  80  6:22  Marine x4  
  80  6:23  Marine  
  80  6:29  Medivac x2  
  77  6:32  Marine  
  77  6:33  Orbital Command  
  77  6:37  Marine, Terran Infantry Armor Level 1  
  77  6:39  Marine  
  77  6:40  Marine x2, Armory  
  77  6:43  Barracks Reactor  
  77  6:44  Barracks Reactor  
  77  6:45  Engineering Bay  
  80  6:49  Missile Turret  
  79  6:55  Missile Turret  
  79  6:59  Medivac  
  79  7:00  Marine x2  
  79  7:01  Marine x3  
  85  7:04  Concussive Shells  
  86  7:16  Siege Tank  
  86  7:18  Marine x2  
  91  7:25  Marine  
  91  7:26  Marine x6  
  98  7:30  Orbital Command  
  98  7:34  Terran Infantry Weapons Level 2  
  98  7:36  Marine x2  
  100  7:37  Medivac  
  100  7:39  Medivac  
  100  7:43  Marine x2  
  100  7:44  Marine x4  
  110  7:46  SCV x2  
  110  7:51  Marine  
  113  7:53  Marine  
  113  7:54  Marine  
  113  7:55  SCV  
  116  7:58  SCV  
  116  8:03  Terran Vehicle Weapons Level 1  
  117  8:12  Bunker  
  117  8:15  Supply Depot x2  
  117  8:18  Marine x9, SCV x3  
  127  8:22  Siege Tank  
  125  8:36  Marine x3  
  118  8:41  Marine  
  118  8:42  Marine x5  
  123  8:51  Medivac x2  
  123  8:53  Supply Depot  
  123  8:54  Marine x3, Siege Tank  
  133  8:59  Marine x2  
  133  9:00  Marine x2  
  137  9:07  Orbital Command  
  137  9:11  Marine x2  
  137  9:16  Refinery  
  141  9:20  Refinery, Marine x2, Missile Turret  
  141  9:25  Refinery  
  141  9:26  Supply Depot, Refinery, Siege Tank  
  141  9:28  Marine  
  141  9:29  Barracks Tech Lab  
  141  9:30  Marine x4  
  141  9:31  Marine  
  150  9:38  SCV x3  
  152  9:41  Marine  
  152  9:42  Marine  
  155  9:46  Marine  
  155  9:50  SCV x2  
  158  9:55  Marine x6  
  158  9:59  Marine x2  
  164  10:06  Marine  
  164  10:12  Marine  
  165  10:14  Marine x3  
  165  10:15  Marine x2  
  165  10:17  Marine x2  
  165  10:18  SCV x2  
  160  10:24  Marine  
  157  10:30  Marine  
  157  10:32  Marine x4  
  157  10:33  Marine  
  157  10:35  Marine  
  138  10:43  Marine  
  138  10:44  Marine  
  138  10:47  Medivac x2, Siege Tank  
  138  10:48  Marine  
  138  10:49  Marine  
  147  10:50  Marine x3  
  147  10:51  Marine  
  147  10:52  Marine  
  151  11:01  Marine  
  151  11:02  Marine  
  131  11:06  Marine  
  131  11:07  Marine x2  
  131  11:08  Marine x2  
  131  11:09  Marine  
  131  11:10  Marine  
  138  11:17  Medivac x2  
  138  11:18  Terran Infantry Weapons Level 3  
  142  11:19  Factory, Marine x2  
  142  11:24  Marine  
  142  11:25  Marine x2  
  145  11:26  Marine x3  
  145  11:28  Siege Tank  
  145  11:29  Marine  
  154  11:36  SCV  
  154  11:37  Marine, SCV x2  
  158  11:40  Supply Depot  
  158  11:43  Supply Depot  
  158  11:44  Marine x2, Marauder  
  158  11:45  Marine x3  
  165  11:53  Liberator  
  165  11:54  Marine x2  
  165  11:57  Marine, SCV  
  164  12:02  Marine x2  
  164  12:03  Marine x3  
  164  12:05  Marauder, Siege Tank  
  164  12:07  Factory Tech Lab  
  172  12:12  Marine  
  170  12:26  Marine, Siege Tank  
  170  12:27  Marine x3, Marauder  
  179  12:42  Siege Tank  
  178  12:45  Marine  
  178  12:46  Marine x7  
  178  12:47  Orbital Command  
  178  12:48  Marauder  
  127  12:59  Siege Tank  
  127  13:03  Marine x4  
  134  13:09  Marauder  
  126  13:14  Marine, Siege Tank  
  126  13:15  Marine x3  
  126  13:21  Marine x4  
  111  13:27  Medivac x2  
  111  13:31  Siege Tank, Marauder  
  111  13:32  Marine  
  111  13:33  Marine x3  
  121  13:39  Marine x4, SCV x2  
  121  13:40  Refinery, SCV  
  121  13:41  Refinery  
  125  13:50  Marine x4  
  125  13:51  SCV  
  125  13:52  Marauder, SCV x2  
  134  13:56  Marine  
  134  13:57  Marine x3  
  138  14:03  SCV  
  138  14:04  SCV x2  
  138  14:08  Marine x4  
  145  14:14  Marine, Marauder  
  145  14:15  Marine x3, SCV  
  145  14:16  SCV x2  
  154  14:17  Siege Tank x2  
  154  14:18  Medivac x2  
  164  14:25  Marine  
  164  14:31  Marine  
  164  14:32  Marine  
  164  14:33  Marine  
  164  14:35  Marauder  
  169  14:39  Marine x3  
  169  14:40  Marine  
  169  14:43  Marine  
  156  14:49  Marine, Siege Tank  
  156  14:50  Marine  
  156  14:51  Marine  
  162  14:56  Marauder  
  162  14:57  Marine  
  138  15:07  Marine  
  138  15:12  Marine  
  138  15:13  Marine x5  
  145  15:14  Marine, Siege Tank  
  145  15:15  Medivac x2  
  145  15:18  Marauder  
  155  15:21  Barracks  
  155  15:22  Barracks  
  155  15:23  Barracks  
  155  15:24  Command Center  
  155  15:25  Marine  
  159  15:30  Marine x2  
  159  15:31  Marine x4  
  159  15:32  Marine  
  166  15:39  Marauder  
  166  15:41  Ghost Academy  
  166  15:42  Marine  
  168  15:45  Medivac  
  168  15:48  Marine, Medivac  
  174  15:52  Thor  
  174  15:57  Thor  
  177  16:01  Marauder  
  170  16:14  Barracks Tech Lab x3  
  170  16:15  Medivac  
  172  16:25  Ghost  
  174  16:27  Marine  
  174  16:28  Marine x3  
  174  16:31  Supply Depot  
  175  16:33  Supply Depot  
  175  16:34  Ghost x2  
  176  16:45  Ghost  
  178  16:54  Ghost  
  180  17:02  Ghost  
  180  17:03  Ghost  
  171  17:14  Ghost  
  175  17:27  Ghost  
  177  17:39  Ghost  
  179  17:46  Ghost  
  181  17:52  Ghost  
  181  17:56  Liberator x2  
  167  18:15  Factory Tech Lab  
  167  18:16  Starport  
  167  18:17  Starport  
  173  18:20  Ghost  
  175  18:29  Ghost  
  177  18:36  Sensor Tower  
  177  18:46  Ghost  
  177  18:48  Refinery  
  179  18:49  Sensor Tower, Command Center  
  179  18:50  Command Center  
  179  18:54  Refinery  
  179  18:59  Ghost x2  
  183  19:08  Orbital Command  
  183  19:11  Ghost  
  183  19:14  Ghost  
Tags
 
Add a new tag
Caveats
  • Supply blocks, unpowered buildings, or Contaminate may cause inaccurate times.
  • Supply counts are checked every 10 seconds.